 Dungeon Sprint DCSS version 0.17-a0-931-g11a8995 (webtiles) character file.

800000 Lev the Spry (level 11, -8/105 HPs)
             Began as a Minotaur Gladiator on May 5, 2015.
             Was an Initiate of Makhleb.
             Mangled by a meat berserker
             ... wielding a +9 battleaxe
              (53 damage)
             ... in the Dungeon (Sprint VIII: "Arena of Blood").
             The game lasted 00:01:48 (8 turns).

Lev the Spry (Minotaur Gladiator)                      Turns: 8, Time: 00:01:48

Health: -8/105     AC:  3    Str: 21    XL:     11   Next: 71%
Magic:  10/10      EV: 23    Int:  5    God:    Makhleb [......]
Gold:   0          SH:  0    Dex: 13    Spells: 0 memorised, 10 levels left

rFire  . . .     SeeInvis .     k - +∞ Axe of Woe
rCold  . . .     Clarity  .     a - +0 leather armour
rNeg   . . .     SustAb   .     (no shield)
rPois  .         Gourm    .     b - +0 hat
rElec  .         Spirit   .     (no cloak)
rCorr  .         Warding  .     (no gloves)
rMut   .         NoTele   +     (no boots)
MR     .....                    (no amulet)
Stlth  +.........               (no ring)
                                (no ring)

@: not resistant to hostile enchantments, very unstealthy
A: retaliatory headbutt, horns 2
a: Renounce Religion


You were in the Dungeon.
You worshipped Makhleb.
Makhleb was noncommittal.
You were not hungry.

You visited 1 branch

Inventory:

Hand weapons
 k - the +∞ Axe of Woe (weapon)
   (You found it in the Dungeon)
Missiles
 c - 3 throwing nets (quivered)
Armour
 a - a +0 leather armour (worn)
 b - a +0 hat (worn)
Scrolls
 j - a scroll of blinking
Potions
 e - a potion of curing
 f - a potion of heal wounds
 g - a potion of haste
 h - 2 potions of magic
 i - a potion of berserk rage
Comestibles
 d - a bread ration


   Skills:
 + Level 12.5 Fighting
 + Level 10.3 Throwing
 + Level 19.1 Dodging
 + Level 18.9 Unarmed Combat


You had 10 spell levels left.
You didn't know any spells.

Dungeon Overview and Level Annotations

Branches:
Dungeon (1/1)

Altars:
Makhleb


Innate Abilities, Weirdness & Mutations

You reflexively headbutt those who attack you in melee.
You have a pair of horns on your head.


Message History

You have reached level 5!
You have reached level 6!
Your experience leads to an increase in your attributes!
Increase (S)trength, (I)ntelligence, or (D)exterity?
You feel agile.
You have reached level 7!
You have reached level 8!
You feel stronger.
You have reached level 9!
Your experience leads to an increase in your attributes!
Increase (S)trength, (I)ntelligence, or (D)exterity?
You feel agile.
You have reached level 10!
You have reached level 11!
You hear a shout! x7
The meat berserker rages.
You hear a shout!
The meat berserker hits you with a +9 battleaxe!!!
Ouch! That really hurt!
You die...

#. ...# #.. ...# ..
.###.. ...###...
......###.........
......_.....o.O...
#.....#.......#
#_.<._#o.......
..#.....#......#.#
......_...@O.......
......###..o......#.
.###.......###O....
#.......# ....
#.......# ...
......... . .....o.
.o..o. ...


You could see 3 meat berserkers and 6 bags of meat.

Vanquished Creatures
  An orc (D)
1 creature vanquished.

Notes
Turn   | Place    | Note
--------------------------------------------------------------
     0 | D        | Lev, the Minotaur Gladiator, began the quest for the Orb.
     0 | D        | Reached XP level 1. HP: 18/18 MP: 0/0
     3 | D        | Noticed a bag of meat
     4 | D        | Noticed a bag of meat
     4 | D        | Became a worshipper of Makhleb the Destroyer
     5 | D        | Noticed a bag of meat
     6 | D        | Noticed a bag of meat
     7 | D        | Noticed a meat berserker
     7 | D        | Noticed a meat berserker
     8 | D        | Killed a bag of meat
     8 | D        | Reached skill level 12 in Fighting
     8 | D        | Reached skill level 10 in Throwing
     8 | D        | Reached skill level 19 in Dodging
     8 | D        | Reached XP level 2. HP: 21/42 MP: 1/1
     8 | D        | Reached XP level 3. HP: 24/49 MP: 2/2
     8 | D        | Reached XP level 4. HP: 27/57 MP: 3/3
     8 | D        | Reached XP level 5. HP: 29/63 MP: 4/4
     8 | D        | Reached XP level 6. HP: 32/71 MP: 5/5
     8 | D        | Reached XP level 7. HP: 35/78 MP: 6/6
     8 | D        | Reached XP level 8. HP: 38/85 MP: 7/7
     8 | D        | Reached XP level 9. HP: 40/91 MP: 8/8
     8 | D        | Reached XP level 10. HP: 43/99 MP: 9/9
     8 | D        | Reached XP level 11. HP: 45/105 MP: 10/10
     8 | D        | Mangled by a meat berserker

Action                   |  1- 3 |  4- 6 |  7- 9 | 10-12 || total
-------------------------+-------+-------+-------+-------++-------
Melee: Executioner's axe |     1 |       |       |       ||     1
